 Seeded DCSS version 0.32-a0-685-g93135e86f0 (webtiles) character file.

Game seed: 20240312 (custom seed)

56 Griffin23 the Covered (level 3, 0/31 (33) HPs)
             Began as a Minotaur Fighter on Mar 12, 2024.
             Slain by Crazy Yiuf
             ... wielding a +3 quarterstaff of chaos
              (8 damage)
             ... on level 2 of the Dungeon.
             The game lasted 00:02:03 (1351 turns).

Griffin23 the Covered (Minotaur Fighter)            Turns: 1351, Time: 00:02:04

HP:   0/31 (33)     AC:  7    Str: 20    XL:     3   Next: 69%
MP:   2/2           EV:  9    Int:  5    God:
Gold: 69            SH:  4    Dex: 11    Spells: 2/2 levels left

rFire   . . .        a - +0 long sword
rCold   . . .        c - +0 buckler
rNeg    . . .        b - +0 scale mail
rPois   .            (helmet restricted)
rElec   .            (no cloak)
rCorr   .            (no gloves)
SInv    .            (no boots)
Will    .....        (no amulet) Stlth
                     (no ring)
HPRegen 0.25/turn    (no ring)
MPRegen 0.08/turn

%: no passive effects
@: drained
A: horns 2, retaliatory headbutt
a: no special abilities


You were on level 2 of the Dungeon.
You visited 1 branch of the dungeon, and saw 2 of its levels.

You collected 69 gold pieces.

Inventory:

Hand Weapons
 a - a +0 long sword (weapon)
Armour
 b - a +0 scale mail (worn)
 c - a +0 buckler (worn)
Jewellery
 e - an amulet of guardian spirit
 g - a ring of wizardry
Scrolls
 f - 2 scrolls of identify {unknown}
 i - a scroll of amnesia {unknown}
 k - a scroll of revelation {unknown}
 l - a scroll of teleportation {unknown}
 m - a scroll of immolation {unknown}
Potions
 d - a potion of might
 h - a potion of curing {unknown}
 j - a potion of invisibility {unknown}


   Skills:
 * Level 3.9 Fighting
 * Level 3.4 Long Blades
 * Level 4.7 Armour
 + Level 3.8 Shields


You had 2 spell levels left.
You didn't know any spells.
Your spell library contained the following spells:

 Spells                   Type           Power      Damage    Failure   Level
 Call Canine Familiar     Summ           0%         N/A       99%         3
 Sigil of Binding         Hex            0%         N/A       99%         3
 Dimensional Bullseye     Hex/Tloc       0%         N/A       100%        4


Dungeon Overview and Level Annotations

Branches:
Dungeon (2/15)

Altars:

Shops:
D:1 (!:?

Annotations:
D:2 Crazy Yiuf


Innate Abilities, Weirdness & Mutations

You have a pair of horns on your head.
You reflexively headbutt those who attack you in melee.


Message History

Could not explore, unopened runed door.
Could not explore, unopened runed door.
No reachable target in view!
Could not explore, unopened runed door.
No reachable target in view!
Could not explore, unopened runed door.
No reachable target in view!
You open the door.
Crazy Yiuf glowers.
You hit Crazy Yiuf.
Crazy Yiuf is moderately wounded.
Crazy Yiuf hits you with a +3 quarterstaff of chaos!
You fall asleep.
You wake up.
You closely miss Crazy Yiuf.
Crazy Yiuf is moderately wounded.
Crazy Yiuf hits you with a +3 quarterstaff of chaos.
You feel drained.
You closely miss Crazy Yiuf. Your headbutt misses Crazy Yiuf.
Crazy Yiuf is moderately wounded.
Crazy Yiuf hits you with a +3 quarterstaff of chaos!
* * * LOW HITPOINT WARNING * * *
Crazy Yiuf freezes you.
* * * LOW HITPOINT WARNING * * *
You barely miss Crazy Yiuf.
Crazy Yiuf is moderately wounded.
Crazy Yiuf says, "Crazy?
Crazy!?
PORCUPINE!"
Crazy Yiuf barely misses you. You furiously retaliate!
You headbutt Crazy Yiuf. Crazy Yiuf barely misses you.
You closely miss Crazy Yiuf.
Crazy Yiuf is heavily wounded.
Crazy Yiuf closely misses you.
You hit Crazy Yiuf but do no damage. Your headbutt misses Crazy Yiuf.
Crazy Yiuf is heavily wounded.
Crazy Yiuf completely misses you. You furiously retaliate!
You headbutt Crazy Yiuf. You closely miss Crazy Yiuf.
Crazy Yiuf is heavily wounded.
Crazy Yiuf hits you with a +3 quarterstaff of chaos!
You die...

#......
######. #.
#####
############
#)..#
#...........
#...#
##.#########
... #.# #g#
#.# ♣@♣♣ #.#
♣♣.♣ #.#
♣.♣♣ #.#
♣♣.♣ #.#
♣♣.♣♣ #.#
♣♣...♣ #.#
♣....♣ #.#
##..## #.#
#....####.#


You could see Crazy Yiuf.

Vanquished Creatures
  3 adders (D:2)
  A ribbon worm (D:2)
  A bat (D:2)
  2 endoplasms
  2 giant cockroaches (D:2)
  3 goblins
  6 hobgoblins
  A frilled lizard (D:1)
  3 kobolds
  4 rats
26 creatures vanquished.

Notes
Turn   | Place    | Note
-------+----------+-------------------------------------------
     0 | D:1      | Griffin23 the Minotaur Fighter began the quest for the Orb.
     0 | D:1      | Reached XP level 1. HP: 19/19 MP: 0/0
    35 | D:1      | Found Vemunwif's Magic Scroll Emporium.
    75 | D:1      | Found Ruveyxkeo's Book Shop.
   175 | D:1      | Reached XP level 2. HP: 24/27 MP: 1/1
   209 | D:1      | Found Amniuff's Distillery.
   312 | D:1      | Found Tyjozopn's Weapon Shop.
   498 | D:1      | Found a faded altar of an unknown god.
   631 | D:2      | Reached skill level 4 in Armour
   897 | D:2      | Reached XP level 3. HP: 33/33 MP: 2/2
  1180 | D:2      | Found a runed translucent door.
  1181 | D:2      | Noticed Crazy Yiuf
  1351 | D:2      | Slain by Crazy Yiuf

Illustrated notes

Levels and vault maps discovered:
D:1:      psy_arrival_fountain, layout_rooms,
          dreamdust_ecumenical_altar_hidden_monk_grotto, serial_shops,
          nicolae_shop_statue_plus, nicolae_shop_industrial_runoff, shop, shop
D:2:      layout_rooms, kennysheep_boxes, uniq_crazy_yiuf_cottage

Skill      XL: |  1  2 |
---------------+-------+-----
Armour         | 4 |  4.7
Long Blades    | 3 |  3.4
Fighting       | |  3.9
Shields        | |  3.8

Action                     || total
---------------------------++-------
  Melee: Long sword        ||    87
         Headbutt          ||     7
 Armour: Scale mail        ||    67
  Dodge: Dodged            ||    43
  Block: Buckler           ||    12

Table legend: (Time is in decaauts)
 A = Elapsed time spent in this place.
 B = Non-inter-level travel time spent in this place.
 C = Inter-level travel time spent in this place.
 D = Time resting spent in this place.
 E = Time spent auto-exploring this place.
 F = Levels seen in this place.
 G = Mean time per level.
                   A        B        C        D        E       F      G
               +--------+--------+--------+--------+--------+-----+--------+
         Total |   1376 |   1327 |     49 |      0 |   1132 |   2 |  688.0 |
       Dungeon |   1376 |   1327 |     49 |      0 |   1132 |   2 |  688.0 |
               +--------+--------+--------+--------+--------+-----+--------+

Top non-repeatable levels by time:
     D:2: 746 daAuts
     D:1: 630 daAuts
